 Dungeon Crawl Stone Soup version 0.31-a0-543-geaa9c7a2c0 (webtiles) character file.

Game seed: 8485738043234521867

87 AIAndy the Changeling (level 4, -4/30 HPs)
             Began as an Octopode Shapeshifter on Aug 14, 2023.
             Killed from afar by an orc wizard (11 damage)
             ... with a magic dart
             ... on level 4 of the Dungeon.
             The game lasted 00:07:09 (1444 turns).

AIAndy the Changeling (Octopode Shapeshifter)       Turns: 1444, Time: 00:07:10

Health: -4/30      AC:  1    Str: 16    XL:     4   Next: 51%
Magic:  4/4        EV: 13    Int: 22    God:
Gold:   117        SH:  0    Dex: 18    Spells: 3/3 levels left

rFire   . . .        e - +4 dagger (holy)
rCold   . . .        (no shield)
rNeg    . . .        (helmet currently unavailable)
rPois   .            (no amulet)
rElec   .            X - +6 ring of dexterity
rCorr   .            I - +6 ring of intelligence
SInv    .            f - ring of willpower
Will    +....        i - +6 ring of intelligence
Stlth   +++          (no ring)
HPRegen 0.25/turn    (no ring)
MPRegen 0.09/turn    (no ring)
                     (no ring)

%: no passive effects
@: beast-form
A: beast (slay +2), almost no armour, amphibious, 8 rings, camouflage 1,
gelatinous body 1, (nimble swimmer 1), tentacles
a: Begin Untransformation


You were on level 4 of the Dungeon.
You were a hulking beast.
You visited 1 branch of the dungeon, and saw 4 of its levels.

You collected 117 gold pieces.


Innate Abilities, Weirdness & Mutations

You are a hulking beast.
Your limbs bulge with bestial killing power. (Slay +2)
You cannot wear most types of armour.
You are amphibious.
You can wear up to eight rings at the same time.
Your skin changes colour to match your surroundings (Stealth+).
Your rubbery body absorbs attacks. (AC +1, EV +1)
((You are camouflaged when in or above water. (Stealth+)))
You have tentacles for arms and can constrict up to eight enemies at once.


   Skills:
 + Level 2.8 Fighting
 - Level 2.0 Dodging
 - Level 3.1 Unarmed Combat
 + Level 3.8 Shapeshifting


You had 3 spell levels left.
You didn't know any spells.
Your spell library contained the following spells:

 Spells                   Type           Power      Damage    Failure   Level
 Stone Arrow              Conj/Erth      0%         3d7       45%         3
 Lehudib's Crystal Spear  Conj/Erth      0%         10d2      100%        8
 Animate Armour           Summ/Erth      Unusable   N/A       N/A         4

Inventory:

Hand Weapons
 e - a +4 dagger of holy wrath (weapon)
 n - a +2 dagger of venom
Missiles
 p - 7 poisoned darts
Magical Staves
 m - a staff of earth
Jewellery
 f - a ring of willpower (on tentacle)
 i - a +6 ring of intelligence (on tentacle)
 H - an amulet of faith {!P}
 I - a +6 ring of intelligence (right tentacle)
 X - a +6 ring of dexterity (left tentacle)
Talismans
 b - a beast talisman (active)
 c - a flux talisman
Wands
 o - a wand of polymorph (6)
Scrolls
 d - a scroll of teleportation {@r4}
Potions
 a - a potion of lignification {!q}
 g - a potion of berserk rage {unknown}
 h - a potion of curing {unknown}
 j - a potion of heal wounds {unknown}
 k - 3 potions of haste {@q3}
 l - a potion of invisibility

Dungeon Overview and Level Annotations

Branches:
Dungeon (4/15)
 Temple: D:4-7

Altars:
Sif Muna
Vehumet
Xom

Annotations:
D:4 Sigmund

#+##.####.# #..)..#
#.......### +.+ #.# #.....#
######....# #.# #.# #.....#
#........... ####.##+#.#
#.....# #...........
..........# #.....#
#........... ####.##+#.#
####### #...........
#..'.'..#.# #...........
#⌠.#.#.)#.#
########.o.........
####.####.###
#.h.oh.o...........
............###...oo..........
###########....(.)............
#..###........##########
####.## #######............
#....# #............ #.####
#...h........ #.#
#............
#.##############...........


You could see a hound, an orc priest, an orc wizard and 3 orcs.


Message History

An orc priest comes into view. It is wielding a +0 short sword.
Things that are here:
2 stones; a +0 short sword
Things that are here:
a +0 dagger; a goblin skeleton The orc wizard hits you with a +0 dagger.
The orc shouts! x3; The orc priest shouts!
The hound barks!
You hit the orc wizard but do no damage.
Your grab misses the orc wizard.
The orc priest invokes the aid of Beogh against you.
Beogh smites you!
The orc wizard hits you with a +0 dagger.
The orc wizard attacks as you move away!
The orc wizard completely misses you. The orc attacks as you move away!
The orc hits you with a +0 flail.
* * * LOW HITPOINT WARNING * * *
The hound stops to sniff the ground.
The orc wizard attacks as you move away!
The orc wizard hits you with a +0 dagger.
* * * LOW HITPOINT WARNING * * *
The orc attacks as you move away! The orc hits you with a +0 flail.
* * * LOW HITPOINT WARNING * * *
The orc wizard attacks as you move away!
The orc wizard misses you.
The orc wizard attacks as you move away!
The orc wizard hits you but does no damage.
The orc attacks as you move away! The orc closely misses you.
The orc wizard casts a spell at you. The magic dart hits you!
You die...

Skill      XL: |  1  2  3 |
---------------+----------+-----
Fighting       | 2 |  2.8
Dodging        | |  2.0
Unarmed Combat | |  3.1
Shapeshifting  | |  3.8

Action                     |  1- 3 |  4- 6 || total
---------------------------+-------+-------++-------
  Melee: Unarmed           |     5 |       ||     5
         Dagger            |    30 |    26 ||    56
         Constrict         |     5 |     5 ||    10
         Tentacles         |     4 |     3 ||     7
         Punch             |     1 |       ||     1
    Use: Scroll            |       |     5 ||     5
   Stab: Sleeping          |     9 |     7 ||    16
 Armour: Skin              |     1 |     1 ||     2
  Dodge: Dodged            |    13 |     7 ||    20

Levels and vault maps discovered:
D:1:      shiori_arrival_oz, layout_loops_ring
D:2:      layout_basic, nicolae_half_adder, uniq_natasha
D:3:      layout_basic, old_standard_altar, xom_teletrap_fun,
          serial_bayou_lake_a, uniq_ijyb
D:4:      minmay_door_path, layout_basic, lemuel_blue_sif_altar,
          gup_sewer_entry_spiral, uniq_sigmund, uniq_pikel

Notes
Turn   | Place    | Note
-------+----------+-------------------------------------------
     0 | D:1      | AIAndy the Octopode Shapeshifter began the quest for the
                  | Orb.
     0 | D:1      | Reached XP level 1. HP: 13/13 MP: 1/1
   188 | D:1      | Reached XP level 2. HP: 16/18 MP: 2/2
   755 | D:2      | Reached XP level 3. HP: 24/24 MP: 3/3
   894 | D:2      | Noticed Natasha
   900 | D:2      | Killed Natasha
   901 | D:2      | Reached skill level 2 in Fighting
   979 | D:2      | Reached XP level 4. HP: 30/30 MP: 4/4
  1046 | D:2      | You fall into a shaft and drop 2 floors!
  1111 | D:4      | Noticed a black bear
  1138 | D:3      | Found a radiant altar of Vehumet.
  1259 | D:3      | Found a shimmering altar of Xom.
  1277 | D:4      | Noticed a lemure
  1282 | D:4      | Killed a lemure
  1343 | D:4      | Noticed Sigmund
  1397 | D:4      | Found a shimmering blue altar of Sif Muna.
  1421 | D:4      | Noticed a lemure
  1444 | D:4      | Killed from afar by an orc wizard

Vanquished Creatures
  A lemure (D:4)
  Natasha (D:2)
  An adder (D:2)
  A worm (D:4)
  A dart slug (D:1)
  4 ball pythons
  4 endoplasms
  8 goblins
  4 hobgoblins
  12 kobolds
  A quokka (D:1)
  2 bats
  3 frilled lizards
  3 rats
46 creatures vanquished.

Table legend: (Time is in decaauts)
 A = Elapsed time spent in this place.
 B = Non-inter-level travel time spent in this place.
 C = Inter-level travel time spent in this place.
 D = Time resting spent in this place.
 E = Time spent auto-exploring this place.
 F = Levels seen in this place.
 G = Mean time per level.
                   A        B        C        D        E       F      G
               +--------+--------+--------+--------+--------+-----+--------+
         Total |   1440 |   1422 |     18 |      0 |    859 |   4 |  360.0 |
       Dungeon |   1440 |   1422 |     18 |      0 |    859 |   4 |  360.0 |
               +--------+--------+--------+--------+--------+-----+--------+

Top non-repeatable levels by time:
     D:1: 673 daAuts
     D:2: 405 daAuts
     D:4: 261 daAuts
     D:3: 100 daAuts

Table legend:
 A = Non-vault XP
 B = Vault XP
 C = Vault XP percentage of total XP
 D = Non-vault monster count
 E = Vault monster count
 F = Vault count percentage of total count
                 A         B        C        D         E       F
            +---------+---------+-------+---------+---------+-------
      Total |      73 |      52 |  41.6 |      41 |       4 |   8.9
            +---------+---------+-------+---------+---------+-------
        D:1 |      29 |       2 |   6.5 |      16 |       1 |   5.9
        D:2 |      20 |      48 |  70.6 |      12 |       2 |  14.3
        D:3 |      11 |       0 |   0.0 |       7 |       0 |   0.0
        D:4 |      13 |       2 |  13.3 |       6 |       1 |  14.3
            +---------+---------+-------+---------+---------+-------
